 Dungeon Crawl Stone Soup version 0.30-a0-23-ge60ba3568b (webtiles) character file.

Game seed: 13674407043527648505

117 rubashov the Magician (level 5, -7/37 HPs)
             Began as a Djinni Fire Elementalist on Aug 24, 2022.
             Mangled by Sigmund
             ... wielding a +0 scythe
              (13 damage)
             ... on level 2 of the Dungeon.
             The game lasted 00:09:52 (2629 turns).

rubashov the Magician (Djinni Fire Elementalist)    Turns: 2629, Time: 00:09:53

Health: -7/37      AC:  3    Str:  9    XL:     5   Next: 22%
Gold:   112        EV: 12    Int: 16    God:
                   SH:  0    Dex: 14

rFire   + + .      SeeInvis .    h - +0 sling
rCold   x . .      Faith    .    (no shield)
rNeg    . . .      Spirit   .    a - +0 robe
rPois   ∞          Reflect  .    (no helmet)
rElec   .          Harm     .    (no cloak)
rCorr   .          Rampage  .    o - +0 pair of gloves
Will    .....                    (boots unavailable)
Stlth   ++........               l - amulet of the acrobat
HPRegen 0.12/turn                (no ring)
MPRegen 0.00/turn                (no ring)

@: flying, very slightly contaminated, studying Ranged Weapons
A: sickness immunity, fire resistance 2, cold vulnerability 1, float, innate
caster, HP casting, extra vitality 1
a: no special abilities


You were on level 2 of the Dungeon.
You visited 1 branch of the dungeon, and saw 4 of its levels.

You collected 112 gold pieces.

Inventory:

Hand Weapons
 f - a +0 falchion
 h - a +0 sling (weapon)
 m - a +4 short sword of venom
Missiles
 e - 2 poisoned darts
 g - 6 datura-tipped darts
 j - 14 stones
 r - 4 curare-tipped darts (quivered)
Armour
 a - a +0 robe (worn)
 o - a +0 pair of gloves (worn)
 p - a +0 buckler
Jewellery
 l - an amulet of the acrobat (around neck)
Scrolls
 i - a scroll of vulnerability {unknown}
 t - 3 scrolls of magic mapping
 u - a scroll of teleportation {unknown}
Potions
 b - a potion of degeneration {unknown}
 c - a potion of curing {unknown}
 d - 4 potions of heal wounds {unknown}
 k - a potion of lignification {unknown}
 n - a potion of mutation {unknown}
 q - 2 potions of brilliance {unknown}
 s - a potion of flight {unknown}


   Skills:
 * Level 1.2 Fighting
 * Level 3.1 Ranged Weapons
 * Level 2.8 Dodging
 - Level 1.5 Stealth
 * Level 3.2 Spellcasting


You couldn't memorise any spells.
You knew the following spells:

 Your Spells              Type           Power      Damage    Failure   Level
a - Foxfire               Conj/Fire      52%        2x1d6     4%          1
b - Scorch                Fire           26%        2d6       8%          2
c - Conjure Flame         Conj/Fire      13%        6-21      14%         3
d - Inner Flame           Hex/Fire       13%        N/A       14%         3
e - Flame Wave            Conj/Fire      13%        2d6       43%         4
f - Sandblast             Erth           26%        2d8       4%          1
g - Passwall              Tmut/Erth      10%        N/A       8%          2
Your spell library was empty.

Dungeon Overview and Level Annotations

Branches:
Dungeon (4/15)
 Temple: D:4-7

Altars:

Annotations:
D:2 Sigmund


Innate Abilities, Weirdness & Mutations

You are immune to sickness and miasma.
You are immune to poison.
Your flesh is very heat resistant. (rF++)
You are vulnerable to cold. (rC-)
You float through the air rather than walking.
You learn spells naturally, not from books.
Your magical power is your life essence.
You have superior vitality. (+4 MHP)


Message History

Unknown command.
Non-targeted confused throw: 8 darts (curare)
Press: ? - help, Q - select action, (/) - cycle Dir - look around, f - activate Look: Sigmund, wielding a +0 scythe and wearing a +0 robe (severely wounded, more vulnerable to fire)
You throw a curare-tipped dart.
Sigmund hits you from afar with a +0 scythe.
Non-targeted confused throw: 7 darts (curare)
Press: ? - help, Q - select action, (/) - cycle Dir - look around, f - activate Look: Sigmund, wielding a +0 scythe and wearing a +0 robe (severely wounded, more vulnerable to fire)
You throw a curare-tipped dart. The curare-tipped dart misses Sigmund.
Non-targeted confused throw: 6 darts (curare)
Press: ? - help, Q - select action, (/) - cycle Dir - look around, f - activate Look: Sigmund, wielding a +0 scythe and wearing a +0 robe (severely wounded, more vulnerable to fire)
You throw a curare-tipped dart.
Sigmund drinks a potion.
Sigmund seems to grow stronger.
Non-targeted confused throw: 5 darts (curare)
Press: ? - help, Q - select action, (/) - cycle Dir - look around, f - activate
Okay, then.
Unknown command.
Non-targeted confused throw: 5 darts (curare)
Press: ? - help, Q - select action, (/) - cycle Dir - look around, f - activate Look: Sigmund, wielding a +0 scythe and wearing a +0 robe (severely wounded, strong, more vulnerable to fire)
You throw a curare-tipped dart.
You feel less confused. Sigmund closely misses you.
Casting: Scorch (safe; 8% risk of failure)
Confirm with . or Enter, or press ? or * to list all spells.
Flames lash Sigmund.
Sigmund is burned terribly!
Sigmund is almost dead.
Sigmund gestures at you while chanting. The magic dart hits you!
* * * LOW HITPOINT WARNING * * *
Casting: Scorch (safe; 8% risk of failure)
Confirm with . or Enter, or press ? or * to list all spells.
You miscast Scorch.
You are very lightly contaminated with residual magic.
Nothing appears to happen.
* * * LOW HITPOINT WARNING * * *
Sigmund hits you from afar with a +0 scythe!
You die...

.# #.# ********** #.# .#
###.### #.# .# #.....# #.# .#
##.....# *,* .######
#......########*****,* ......##
#.............@,,,,,,*
..###..###.....:@######********
#.# #......#####.# #.###..#####
#@# #.....##*******#.#
#####........,,..#
#########*####


You could see Sigmund (strong, combustible).

Vanquished Creatures
  2 orc wizards (D:4)
  2 worms
  3 dart slugs
  An orc (D:3)
  6 bats
  3 endoplasms
  2 giant cockroaches
  4 hobgoblins
  4 jackals (D:1)
  3 kobolds
  2 quokkas
  8 ball pythons
  3 frilled lizards
  7 goblins
  2 rats
52 creatures vanquished.

Vanquished Creatures (others)
  17 foxfires
17 creatures vanquished.

Grand Total: 69 creatures vanquished

Notes
Turn   | Place    | Note
-------+----------+-------------------------------------------
     0 | D:1      | rubashov the Djinni Fire Elementalist began the quest for
                  | the Orb.
     0 | D:1      | rubashov set off with the following spells memorised:
                  | Foxfire, Scorch, Conjure Flame, Inner Flame, Flame Wave.
     0 | D:1      | Reached XP level 1. HP: 15/15 MP: 0/0
   394 | D:1      | Reached XP level 2. HP: 20/21 MP: 0/0
   868 | D:1      | Reached XP level 3. HP: 24/26 MP: 0/0
   868 | D:1      | Learned a level 1 spell: Sandblast
  1024 | D:1      | Reached skill level 1 in Ranged Weapons
  1226 | D:1      | Found a faded altar of an unknown god.
  1703 | D:2      | Reached XP level 4. HP: 31/31 MP: 0/0
  1705 | D:2      | Noticed Sigmund
  1881 | D:2      | You are sucked into a shaft and drop 2 floors!
  1892 | D:4      | Reached skill level 1 in Fighting
  1892 | D:4      | Reached XP level 5. HP: 2/37 MP: 0/0
  1892 | D:4      | Learned a level 2 spell: Passwall
  1905 | D:4      | HP: 1/37 [orc/+0 short sword (1)]
  2629 | D:2      | Mangled by Sigmund

Illustrated notes

Levels and vault maps discovered:
D:1:      minmay_arrival_cross, layout_basic, ebering_ecumenical_altar_abandoned
D:2:      layout_loops_ring, minmay_close_crescents, uniq_jessica,
          uniq_crazy_yiuf_cottage, uniq_sigmund
D:3:      layout_loops_cross
D:4:      minmay_inner_zag, layout_cave_pools, nicolae_wu_jian_wuxing_cycle,
          mainiacjoe_overflow_boulevard, nrook_uturn, columned_hall_lemuel,
          ebering_dispersal_statue_hall

Skill      XL: |  1  2  3  4  5 |
---------------+----------------+-----
Spellcasting   | 3 |  3.2
Ranged Weapons | 1 2 3 |  3.1
Fighting       | 1 |  1.2
Dodging        | |  2.8
Stealth        | |  1.5

Action                   |  1- 3 |  4- 6 || total
-------------------------+-------+-------++-------
 Fire: Sling             |    77 |    30 ||   107
Throw: Dart              |       |     5 ||     5
 Cast: Foxfire           |     9 |     1 ||    10
       Scorch            |    14 |    10 ||    24
       Conjure Flame     |     2 |       ||     2
  Use: Scroll            |       |     3 ||     3
Armor: Robe              |     7 |     3 ||    10
Dodge: Dodged            |    19 |     9 ||    28

Table legend: (Time is in decaauts)
 A = Elapsed time spent in this place.
 B = Non-inter-level travel time spent in this place.
 C = Inter-level travel time spent in this place.
 D = Time resting spent in this place.
 E = Time spent auto-exploring this place.
 F = Levels seen in this place.
 G = Mean time per level.
                   A        B        C        D        E       F      G
               +--------+--------+--------+--------+--------+-----+--------+
         Total |   2663 |   2663 |      0 |   1047 |   1104 |   4 |  665.8 |
       Dungeon |   2663 |   2663 |      0 |   1047 |   1104 |   4 |  665.8 |
               +--------+--------+--------+--------+--------+-----+--------+

Top non-repeatable levels by time:
     D:1: 1347 daAuts
     D:3: 658 daAuts
     D:2: 627 daAuts
     D:4: 29 daAuts
